 Dungeon Crawl Stone Soup version 0.28.0-53-g5a82cb258f (webtiles) character file.

Game seed: 15637700799118054747

417 PentaManta the Changer (level 6, -7/44 HPs)
             Began as a Merfolk Transmuter on June 5, 2022.
             Was an Initiate of Dithmenos.
             Mangled by Duvessa
             ... wielding a +0 rapier
              (18 damage)
             ... on level 5 of the Dungeon.
             The game lasted 00:09:51 (5779 turns).

PentaManta the Changer (Merfolk Transmuter)         Turns: 5779, Time: 00:09:52

Health: -7/44      AC:  2    Str: 10    XL:     6   Next: 93%
Magic:  10/12      EV: 21    Int: 12    God:    Dithmenos [......]
Gold:   227        SH:  0    Dex: 20    Spells: 7/13 levels left

rFire   . . .      SeeInvis .     - Unarmed
rCold   . . .      Faith    .   (shield currently unavailable)
rNeg    . . .      Spirit   .   (armour currently unavailable)
rPois   x          Reflect  .   (helmet currently unavailable)
rElec   .          Harm     .   (cloak currently unavailable)
rCorr   .          Rampage  .   (gloves currently unavailable)
Will    .....                   (boots currently unavailable)
Stlth   +.........              (no amulet)
HPRegen 0.14/turn               (no ring)
MPRegen 0.13/turn               (no ring)

@: lit by a corona, spider-form, glowing
A: venomous fangs, tiny, (nimble swimmer 2), (mertail), dopey 1, mutation
resistance 1
a: End Transformation, Renounce Religion


You were on level 5 of the Dungeon.
You worshipped Dithmenos.
Dithmenos was noncommittal.
You were a venomous arachnid creature.
You visited 2 branches of the dungeon, and saw 6 of its levels.

You collected 227 gold pieces.

Inventory:

Armour
 a - a +0 robe (melded)
 j - a +0 pair of gloves (melded)
 m - a +0 cloak (melded)
Wands
 o - a wand of flame (11)
 q - a wand of paralysis (11)
Scrolls
 b - a scroll of immolation {unknown}
 f - a scroll of teleportation
 i - a scroll of noise
 k - 4 scrolls of vulnerability
Potions
 c - a potion of lignification
 l - a potion of resistance


   Skills:
 + Level 2.1 Fighting
 + Level 3.3 Dodging
 + Level 3.7 Unarmed Combat
 - Level 4.0 Spellcasting
 - Level 7.0 Transmutations


You had 7 spell levels left.
You knew the following spells:

 Your Spells              Type           Power      Damage    Failure   Level
a - Beastly Appendage     Tmut           38%        N/A       6%          1
b - Spider Form           Tmut/Pois      10%        N/A       34%         3
c - Wereblood             Tmut           19%        N/A       8%          2

Your spell library contained the following spells:

 Spells                   Type           Power      Damage    Failure   Level
 Pain                     Necr           8%         1d4       43%         1
 Summon Small Mammal      Summ           8%         N/A       43%         1
 Ice Form                 Ice/Tmut       10%        N/A       67%         4
 Call Canine Familiar     Summ           2%         N/A       75%         3
 Summon Guardian Golem    Hex/Summ       2%         N/A       75%         3
 Agony                    Necr           2%         N/A       100%        5
 Excruciating Wounds      Necr           1%         N/A       100%        5
 Fireball                 Conj/Fire      1%         3d3       100%        5
 Iskenderun's Battlesphe  Conj           2%         2d6       100%        5
 Conjure Ball Lightning   Conj/Air       1%         3x3d6     100%        6
 Orb of Destruction       Conj           1%         9d5       100%        7


Dungeon Overview and Level Annotations

Branches:
Dungeon (5/15)             Temple (1/1) D:4

Altars:
Ashenzari
Cheibriados
Dithmenos
Elyvilon
Fedhas
Gozag
Hepliaklqana
Kikubaaqudgha
Nemelex Xobeh
Okawaru
Qazlal
Ru
Sif Muna
Trog
Uskayaw
Vehumet
Wu Jian
Xom
Yredelemnul
Zin
The Shining One

Shops:
D:3 (

Annotations:
D:5 Dowan, Duvessa


Innate Abilities, Weirdness & Mutations

You are a venomous arachnid creature.
You have poisonous fangs.
You are tiny and dextrous.
Your spellcasting is less reliable in this form.
Your armour is entirely melded.
You are incapable of wielding weapons or throwing items.
((You are very nimble when in or above water. (Stealth+, EV+, Speed+++)))
((Your lower body shifts to a powerful aquatic tail in water.))
You are dopey. (Int -2)
You are somewhat resistant to further mutation.


Message History

Dowan casts a spell at you. The puff of flame hits you!
You hit Dowan but do no damage.
Dowan is poisoned.
Dowan gestures at you while chanting. The puff of flame misses you.
You barely miss Dowan.
Dowan is lightly wounded.
You hit Dowan but do no damage.
Dowan looks even sicker.
Dowan is lightly wounded.
Duvessa says, "Where magic fails, the sword succeeds!"
You hit Duvessa but do no damage.
Dowan points at you and mumbles some strange words.
You are outlined in light.
Duvessa drinks a potion.
Duvessa seems to grow stronger.
Unknown command.
You hit Duvessa but do no damage.
Duvessa is poisoned.
Dowan completely misses you. Duvessa closely misses you.
Unknown command.
Press: ? - help, v - describe, . - travel The floor.
You hit Duvessa but do no damage.
Duvessa looks as sick as possible!
Dowan gestures at Duvessa while chanting.
Duvessa seems to speed up.
Duvessa says, "Where magic fails, the sword succeeds!"
Duvessa completely misses you.
You hit Duvessa.
Duvessa is moderately wounded.
Duvessa hits you with a +0 rapier! Dowan misses you.
You hit Duvessa but do no damage.
Duvessa looks as sick as possible!
Duvessa is moderately wounded.
Duvessa misses you. Dowan hits you with a +0 dagger. Duvessa barely misses you.
You hit Duvessa but do no damage.
Duvessa is moderately wounded.
Duvessa completely misses you. Dowan hits you with a +0 dagger.
You hit Duvessa.
Duvessa looks as sick as possible!
Duvessa is heavily wounded.
Duvessa hits you with a +0 rapier! Dowan hits you with a +0 dagger.
* * * LOW HITPOINT WARNING * * *
Duvessa hits you with a +0 rapier!!
You die...

#.. #.. #...
### +... ..#
###...##.###
.......#.#<#
......e#.#.#
#...es...#
#.#..#.###
#..#.#
####.# ..#
###


You could see Duvessa (fast, strong, extremely poisoned) and Dowan (very
poisoned).

Vanquished Creatures
  A phantom (D:4)
  A scorpion (D:4)
  Natasha (thrice) (D:2)
  13 adders
  An adder skeleton (D:4)
  2 worms (D:4)
  3 dart slugs
  5 orcs
  8 bats
  3 endoplasms
  A giant cockroach (D:1)
  4 goblins
  5 hobgoblins
  9 jackals
  5 kobolds
  4 quokkas
  9 ball pythons
  3 frilled lizards
  5 rats
85 creatures vanquished.

Notes
Turn   | Place    | Note
-------+----------+-------------------------------------------
     0 | D:1      | PentaManta the Merfolk Transmuter began the quest for the
                  | Orb.
     0 | D:1      | Reached XP level 1. HP: 15/15 MP: 3/3
    63 | D:1      | Reached skill level 3 in Transmutations
   372 | D:1      | Reached XP level 2. HP: 11/21 MP: 5/5
   977 | D:1      | Reached skill level 4 in Transmutations
  1415 | D:2      | Reached XP level 3. HP: 15/26 MP: 4/6
  1431 | D:2      | Learned a level 3 spell: Spider Form
  1615 | D:2      | Noticed Natasha
  1620 | D:2      | Killed Natasha
  1621 | D:2      | Reached skill level 5 in Transmutations
  2011 | D:2      | Noticed Natasha
  2024 | D:2      | Killed Natasha
  2025 | D:2      | Reached skill level 6 in Transmutations
  2025 | D:2      | Reached XP level 4. HP: 16/32 MP: 1/7
  2072 | D:2      | Noticed Natasha
  2079 | D:2      | Killed Natasha
  2474 | D:3      | Found Risih's Antique Weapon Shop.
  2483 | D:3      | Reached XP level 5. HP: 34/37 MP: 3/8
  2624 | D:3      | Reached skill level 7 in Transmutations
  3837 | D:3      | Reached XP level 6. HP: 11/43 MP: 8/10
  4439 | D:4      | Learned a level 2 spell: Wereblood
  4654 | D:4      | Found a staircase to the Ecumenical Temple.
  4678 | Temple   | Entered the Ecumenical Temple
  4997 | Temple   | Became a worshipper of Dithmenos the Shadowed
  5084 | D:4      | HP: 2/43 [phantom (6)]
  5094 | D:4      | Gained mutation: You are dopey. (Int -2) [potion of
                  | mutation]
  5094 | D:4      | Gained mutation: You are somewhat resistant to further
                  | mutation. [potion of mutation]
  5746 | D:5      | Entered Level 5 of the Dungeon
  5767 | D:5      | Noticed Duvessa
  5767 | D:5      | Noticed Dowan
  5779 | D:5      | Mangled by Duvessa

Illustrated notes

Levels and vault maps discovered:
D:1:      dpeg_arrival_concentric_ovals, layout_basic
D:2:      layout_basic, uniq_natasha
D:3:      layout_loops_corners, serial_shops, nicolae_square_shop,
          chequers_mini_garden, minmay_snake_closets
D:4:      layout_loops_ring, minmay_temple_entry_stoned_glass
D:5:      layout_basic, uniq_duvessa
Temple:   mainiacjoe_temple_circle_huts

Skill      XL: |  1  2  3  4  5  6 |
---------------+-------------------+-----
Transmutations | 3 4 6 7 |  7.0
Spellcasting   | 3 4 |  4.0
Dodging        | 3 |  3.3
Fighting       | 2 |  2.1
Unarmed Combat | |  3.7

Action                   |  1- 3 |  4- 6 || total
-------------------------+-------+-------++-------
Melee: Unarmed           |    83 |   259 ||   342
       Headbutt          |     8 |    10 ||    18
       Punch             |     1 |     5 ||     6
 Cast: Beastly Appendage |    10 |    17 ||    27
       Spider Form       |     2 |     8 ||    10
  Use: Scroll            |       |    10 ||    10
       Potion            |       |     6 ||     6
 Stab: Sleeping          |       |     6 ||     6
Armor: Robe              |    21 |    52 ||    73
       Skin              |       |     5 ||     5
Dodge: Dodged            |    62 |   200 ||   262
